[Event "Late-Titled-Tuesday-Blitz-February-27-2024"]
[Site "Chess.com"]
[Date "2024.02.27"]
[Round "7"]
[White "GmSergioBarrientos"]
[Black "Mikayel99"]
[Result "1-0"]
[WhiteElo "2735"]
[BlackElo "2558"]
[TimeControl "180+1"]
[EndTime "15:15:13 PST"]
[Termination "GmSergioBarrientos won by resignation"]

1. e4 e6 2. e5 d6 3. exd6 Bxd6 4. d4 Nf6 5. Nf3 b6 6. Bd3 Bb7 7. O-O Nbd7 8. Nbd2 O-O 9. b3 c5 10. Bb2 cxd4 11.
Nxd4 Nc5 12. Bc4 a6 13. N2f3 Qc7 14. a4 Rad8 15. Qe2 Rfe8 16. h3 Nce4 17. Bxa6 Bxa6 18. Qxa6 e5 19. Nf5 Qxc2 20. Nxd6 Rxd6 21. Bxe5 Rde6 22.
Nd4 Qb2 23. Nxe6 Qxe5 24. a5 Rxe6 25. axb6 Re8 26. b7 Nxf2 27. Rxf2 Ne4 28. Qa8 Nd6 29. Rd1 Ne4 30. Rd8 Nf6 31. Rxe8+ Nxe8 32. b8=Q Qe1+ 33. Rf1 1-0

[Event "Late-Titled-Tuesday-Blitz-February-27-2024"]
[Site "Chess.com"]
[Date "2024.02.27"]
[Round "7"]
[White "Adar_07"]
[Black "CrushingKings"]
[Result "1-0"]
[WhiteElo "2789"]
[BlackElo "2623"]
[TimeControl "180+1"]
[EndTime "15:15:15 PST"]
[Termination "Adar_07 won by resignation"]

1. d4 g6 2. e4 Bg7 3. Nf3 c6 4. Bd3 d5 5. e5 f6 6. h4 Bg4 7.
h5 Bxh5 8. Rxh5 gxh5 9. Nh4 fxe5 10.
Qxh5+ Kd7 11. Qg4+ Kc7 12. Qxg7 Nf6 13. dxe5 Rg8 14.
exf6 Rxg7 15. fxg7 Nd7 16. Bxh7 Nf6 17. Bf4+ e5 18.
Bxe5+ Kb6 19. Bd3 Qe7 20. Ng6 Qf7 21. Nc3 Ng4 22. Na4+ Ka5 23. O-O-O Nxe5 24. Nxe5 Qf4+ 25. Kb1 Qxe5 26. Nc5 Qe7 27. a3 Kb6 28. b4 Qxg7 29. Re1 a5 30. Na4+ Kc7 31. Nc5 Qf6 32. Re6 Qf7 33.
Bg6 Qf8 34. Re2 axb4 35. Ne6+ 1-0

[Event "Late-Titled-Tuesday-Blitz-February-27-2024"]
[Site "Chess.com"]
[Date "2024.02.27"]
[Round "7"]
[White "MITerryble"]
[Black "Arystanner"]
[Result "1-0"]
[WhiteElo "3022"]
[BlackElo "2793"]
[TimeControl "180+1"]
[EndTime "15:15:18 PST"]
[Termination "MITerryble won by resignation"]

1. d4 d5 2. Nf3 e6 3. c4 c5 4. dxc5 Bxc5 5. e3 Nf6 6. a3 O-O 7. b4 Be7 8. Bb2 a5 9. b5 Nbd7 10. Nbd2 Nc5 11. Be2 b6 12. cxd5 Nxd5 13. Nc4 Bb7 14. O-O Bf6 15. Nd4 Rc8 16. Rc1 Qe7 17. Bf3 Rcd8 18. Bxd5 Bxd5 19. Nxb6 Bxg2 20. Kxg2 Qb7+ 21.
Qf3 Qxb6 22. Rfd1 e5 23. Qc6 Qb8 24. Qxc5 exd4 25. Bxd4 Bxd4 26. exd4 Qf4 27. Qe5 Qg4+ 28. Qg3 Rxd4 29. Qxg4 Rxg4+ 30. Kf3 Ra4 31. Rc3 Rb8 32.
b6 g5 33. Rb1 Rd4 34. b7 Rdd8 35. Rc5 Kf8 36. Rxa5 h6 37. Rc5 Ke7 38. a4 Rd7 39.
Rcb5 Rd6 40. Rb6 Rd4 41. R1b4 Rd3+ 42. Kg4 Ra3 43. Rxh6 1-0

[Event "Late-Titled-Tuesday-Blitz-February-27-2024"]
[Site "Chess.com"]
[Date "2024.02.27"]
[Round "7"]
[White "Nick12772"]
[Black "EsmeraldasAnderson03"]
[Result "0-1"]
[WhiteElo "2380"]
[BlackElo "2518"]
[TimeControl "180+1"]
[EndTime "15:15:21 PST"]
[Termination "EsmeraldasAnderson03 won by resignation"]

1. Nf3 d5 2. g3 Nf6 3. Bg2 c5 4. O-O h6 5. d4 cxd4 6. Nxd4 e5 7. Nf3 Nc6 8. c4 d4 9. e3 Be6 10. exd4 exd4 11. Qb3 Qd7 12. Rd1 Bc5 13. Qb5 Bb6 14.
c5 Bd8 15. Be3 O-O 16. Nxd4 Nxd4 17. Qxd7 Ne2+ 18. Kf1 Bxd7 19. Kxe2 Bb5+ 20. Kd2 Ng4 21. Nc3 Ba5 22. h3 Nxe3 23. Kxe3 Rfe8+ 24. Kd2 Re2+ 25. Kc1 Bxc3 26. bxc3 Rc8 27. Rd2 Re1+ 28.
Kb2 Rxa1 29. Kxa1 Rxc5 30. Rd5 Rxd5 31. Bxd5 b6 32. h4 Kf8 33. Kb2 f6 34. Kc2 Ke7 35. Kd2 Kd6 36. Bb3 Kc5 37. Ke3 a5 38. Kf4 a4 39.
Bf7 Bc4 40. Be8 a3 41. Kf5 Bxa2 42. Kg6 Bc4 0-1

[Event "Late-Titled-Tuesday-Blitz-February-27-2024"]
[Site "Chess.com"]
[Date "2024.02.27"]
[Round "7"]
[White "yuriydovzik"]
[Black "jactorres"]
[Result "1-0"]
[WhiteElo "2133"]
[BlackElo "2332"]
[TimeControl "180+1"]
[EndTime "15:15:23 PST"]
[Termination "yuriydovzik won on time"]

1. b3 Nf6 2. Bb2 e6 3. g3 Be7 4. Bg2 c5 5. Nf3 d5 6. O-O O-O 7. e3 b5 8. a4 bxa4 9. Rxa4 Bd7 10. Ra2 Nc6 11. d3 Nb4 12. Ra1 a5 13. Nbd2 a4 14. Ne5 Bb5 15. c4 Bd7 16. bxa4 Rb8 17. Bc3 Bd6 18. Nxd7 Qxd7 19. Bxf6 gxf6 20. cxd5 Nxd3 21.
Ne4 Be5 22. Qxd3 exd5 23. Nxc5 Qc6 24. Rac1 1-0

[Event "Late-Titled-Tuesday-Blitz-February-27-2024"]
[Site "Chess.com"]
[Date "2024.02.27"]
[Round "7"]
[White "Sanan_Sjugirov"]
[Black "mac0504"]
[Result "1-0"]
[WhiteElo "2971"]
[BlackElo "2715"]
[TimeControl "180+1"]
[EndTime "15:15:25 PST"]
[Termination "Sanan_Sjugirov won by resignation"]

1. e4 Nc6 2. Nf3 d6 3. d4 Nf6 4. Nc3 g6 5. d5 Nb8 6. h3 Bg7 7. Be2 O-O 8. O-O c6 9. a4 Nbd7 10. Re1 Re8 11. a5 a6 12. Bf1 cxd5 13. exd5 Nc5 14. Nd4 e5 15. dxe6 Nxe6 16. Nxe6 Bxe6 17. Be3 Rc8 18. Bd4 d5 19. Bd3 Bf8 20. Qf3 Ne4 21. Nxe4 dxe4 22. Rxe4 Bd5 23. Rxe8 Bxf3 24. Rxd8 Rxd8 25.
Bb6 Rxd3 26. cxd3 Bc6 27. Re1 Bb4 28. Re3 f6 29. Bd4 Kf7 30. Bc3 Bd6 31. Re1 Bb5 32.
d4 Bc4 33. f3 Bd5 34. Kf2 h5 35. h4 g5 36. Rh1 Kg6 37. Bd2 Bb8 38. hxg5 fxg5 39. Rc1 Bc6 40. Rc5 Ba7 41. Rxg5+ Kf6 42. Rxh5 Bxd4+ 43. Be3 Bxb2 44. g4 Bb5 45. Rd5 Bc3 46.
Bd4+ Ke6 47. Re5+ 1-0

[Event "Late-Titled-Tuesday-Blitz-February-27-2024"]
[Site "Chess.com"]
[Date "2024.02.27"]
[Round "7"]
[White "pfalcon1949"]
[Black "CURRUTACO59"]
[Result "0-1"]
[WhiteElo "1911"]
[BlackElo "2250"]
[TimeControl "180+1"]
[EndTime "15:15:25 PST"]
[Termination "CURRUTACO59 won by resignation"]

1. e4 e5 2. Nf3 Nc6 3. Nc3 Bb4 4.
Nd5 Ba5 5. c3 Nf6 6. d3 h6 7.
Be2 d6 8. O-O Nxd5 9. exd5 Ne7 10. c4 O-O 11. a3 Bb6 12. b4 a5 13. Be3 f5 14. Qd2 Bxe3 15. fxe3 axb4 16. axb4 Rxa1 17. Rxa1 Ng6 18. Rf1 f4 19. e4 b6 20. d4 Bg4 21.
b5 Bxf3 22. Bxf3 exd4 23. Qxd4 Ne5 24. Qc3 Qf6 25. Rc1 g5 26. h3 Ra8 27. Bg4 Ra4 28. Be6+ Kg7 29. c5 bxc5 30. Ra1 Rxa1+ 31. Qxa1 Nf3+ 32.
gxf3 Qxa1+ 0-1

[Event "Late-Titled-Tuesday-Blitz-February-27-2024"]
[Site "Chess.com"]
[Date "2024.02.27"]
[Round "7"]
[White "chessdjw"]
[Black "rasmussvane"]
[Result "0-1"]
[WhiteElo "2763"]
[BlackElo "2939"]
[TimeControl "180+1"]
[EndTime "15:15:26 PST"]
[Termination "rasmussvane won on time"]

1. d4 d5 2. c4 e6 3. Nc3 h6 4. cxd5 exd5 5. Bf4 Nf6 6. e3 Bd6 7. Bxd6 Qxd6 8. Bd3 O-O 9. Nge2 b6 10. O-O c5 11.
Qd2 Re8 12. Rad1 Bb7 13. Bb1 Nbd7 14. Ng3 Rad8 15. Rfe1 a6 16. Qc2 g6 17. a3 Qc7 18.
dxc5 bxc5 19. Ba2 Ne5 20. Nce2 Kg7 21. Nf4 Qb6 22. b4 cxb4 23. axb4 d4 24. exd4 Rxd4 25. Qc3 Rxf4 0-1

[Event "Late-Titled-Tuesday-Blitz-February-27-2024"]
[Site "Chess.com"]
[Date "2024.02.27"]
[Round "7"]
[White "AryanTari"]
[Black "NoHeThTo"]
[Result "1-0"]
[WhiteElo "2934"]
[BlackElo "2654"]
[TimeControl "180+1"]
[EndTime "15:15:28 PST"]
[Termination "AryanTari won by checkmate"]

1. e4 c5 2. Nc3 g6 3. d4 cxd4 4. Qxd4 Nf6 5. Nf3 Nc6 6. Qa4 d6 7. e5 dxe5 8. Nxe5 Bd7 9. Nxd7 Nxd7 10. Bb5 Bg7 11. Bxc6 bxc6 12. O-O O-O 13. Rd1 Bxc3 14. bxc3 Nb6 15. Qg4 Qc8 16. Qe2 Qf5 17. Bh6 Rfe8 18. Rd4 e5 19. Re1 f6 20. Rd6 Re6 21. g4 Rxd6 22.
gxf5 Rad8 23. Kh1 Kf7 24. Rg1 Nd5 25. Qg4 Ne7 26. fxg6+ hxg6 27. Be3 Rh8 28. Bc5 Re6 29. Bxe7 Rxe7 30. Qxg6+ Ke6 31. f4 Reh7 32. Rg2 Rh6 33. Qe4 Rh4 34. Qxc6+ Kf5 35. fxe5 fxe5 36. Qg6+ Kf4 37.
Rf2+ Ke3 38. Qg3+ Ke4 39. Qf3# 1-0

[Event "Late-Titled-Tuesday-Blitz-February-27-2024"]
[Site "Chess.com"]
[Date "2024.02.27"]
[Round "7"]
[White "janhelmer03"]
[Black "MFatigue"]
[Result "1-0"]
[WhiteElo "2386"]
[BlackElo "2501"]
[TimeControl "180+1"]
[EndTime "15:15:28 PST"]
[Termination "janhelmer03 won by resignation"]

1. Nf3 d5 2. e3 Nf6 3. c4 e6 4. Nc3 Be7 5. b3 O-O 6. Bb2 Nc6 7. d4 Bb4 8. a3 Bxc3+ 9. Bxc3 Ne4 10. Bb2 f5 11.
Be2 Ne7 12. O-O c6 13. Ne5 Ng6 14. f3 Nf6 15. Nxg6 hxg6 16. b4 Bd7 17. Qc2 g5 18. a4 Kf7 19. b5 Qc7 20. cxd5 exd5 21. bxc6 bxc6 22. e4 Rae8 23. e5 Nh5 24. Ba3 Rh8 25.
Bd3 g6 26. Rfe1 Nf4 27. Bf1 Re6 28. Bd6 Rxd6 29. exd6 Qxd6 30. g3 Nh5 31. Re5 Qb4 32.
Qd3 Rb8 33. Rae1 Nf6 34. Qe3 Qd6 35. Qxg5 Rg8 36. Qe3 Rb8 37. Re7+ Kg8 38. Qh6 Nh5 39. Qh7+ 1-0

[Event "Late-Titled-Tuesday-Blitz-February-27-2024"]
[Site "Chess.com"]
[Date "2024.02.27"]
[Round "7"]
[White "ozates"]
[Black "MeisterJabo"]
[Result "1-0"]
[WhiteElo "2620"]
[BlackElo "2464"]
[TimeControl "180+1"]
[EndTime "15:15:31 PST"]
[Termination "ozates won by checkmate"]

1. e4 e5 2. Nf3 Nc6 3. Bc4 Nf6 4. d3 d5 5. exd5 Nxd5 6. O-O Nb6 7. Bb5 Bd6 8. d4 f6 9. dxe5 fxe5 10. Nxe5 O-O 11. Nxc6 bxc6 12. Bxc6 Ba6 13. Bxa8 Qxa8 14. Re1 Bb7 15. Qg4 Rf6 16. Bg5 Rg6 17. Re6 Rxe6 18. Qxe6+ Kh8 19. Nc3 Bxg2 20. Re1 Bc6 21. Ne4 Bd5 22.
Qf5 Bf8 23. b3 Bc6 24. Nf6 Nd5 25. Qxh7# 1-0

[Event "Late-Titled-Tuesday-Blitz-February-27-2024"]
[Site "Chess.com"]
[Date "2024.02.27"]
[Round "7"]
[White "ChessSwole"]
[Black "Practical-Play"]
[Result "1-0"]
[WhiteElo "2698"]
[BlackElo "2538"]
[TimeControl "180+1"]
[EndTime "15:15:32 PST"]
[Termination "ChessSwole won by resignation"]

1. d4 Nf6 2. c4 d5 3. cxd5 Nxd5 4. Nf3 Bf5 5. Qb3 Nc6 6. Nc3 e6 7. e4 Nxc3 8. exf5 Nd5 9. Qxb7 Bb4+ 10. Kd1 Na5 11.
Bb5+ Kf8 12. Qa6 c5 13. a3 Nc7 14. axb4 Nxa6 15. Rxa5 Nxb4 16. Ra3 e5 17. Re1 f6 18. Bd2 Rb8 19. Bc4 a5 20. dxe5 fxe5 21. Ng5 Qf6 22. Ne6+ Ke7 23. Bg5 Rhd8+ 24. Kc1 1-0

[Event "Late-Titled-Tuesday-Blitz-February-27-2024"]
[Site "Chess.com"]
[Date "2024.02.27"]
[Round "7"]
[White "ElVital"]
[Black "Anna20240"]
[Result "1-0"]
[WhiteElo "2365"]
[BlackElo "1926"]
[TimeControl "180+1"]
[EndTime "15:15:33 PST"]
[Termination "ElVital won on time"]

1. d4 d5 2. c4 c6 3. e3 Nf6 4.
Nf3 Bf5 5. Nc3 e6 6. Nh4 Bg6 7. Be2 Bb4 8. O-O O-O 9. g3 Nbd7 10. Qb3 Bxc3 11. bxc3 Qc7 12. Nxg6 hxg6 13. Rb1 Rab8 14. cxd5 cxd5 15. c4 dxc4 16. Bxc4 Rfc8 17. Be2 Nd5 18. Bf3 Nc5 19. dxc5 Qxc5 20. Ba3 Qa5 21. Bd6 Ra8 22. Rfc1 Rxc1+ 23. Rxc1 b6 24. e4 Nf6 25. e5 Nd5 26. a4 Qd2 27. Rc2 Qe1+ 28. Kg2 Rd8 29. Bxd5 exd5 30. Qxd5 Qb1 31. Rc7 Qf5 32. Rxa7 Rxd6 33. Qa8+ Kh7 34. exd6 1-0

[Event "Late-Titled-Tuesday-Blitz-February-27-2024"]
[Site "Chess.com"]
[Date "2024.02.27"]
[Round "7"]
[White "jodarmarlon1985"]
[Black "gxbg2000"]
[Result "1-0"]
[WhiteElo "2248"]
[BlackElo "1936"]
[TimeControl "180+1"]
[EndTime "15:15:33 PST"]
[Termination "jodarmarlon1985 won by resignation"]

1. e4 e5 2. Nf3 Nc6 3. Bb5 Nd4 4. Nxd4 exd4 5. O-O c6 6. Bc4 b5 7. Bb3 a5 8. a4 b4 9. d3 Be7 10. Nd2 d5 11.
exd5 cxd5 12. Nf3 Bf6 13. Re1+ Be6 14. h3 Ne7 15. Bg5 Bxg5 16. Nxg5 Qd6 17. Qh5 g6 18. Qe2 Kd7 19. c3 dxc3 20. bxc3 bxc3 21. d4 Rab8 22. Rab1 Rb4 23. Nf3 Rhb8 24. Bc2 Nf5 25. Rxb4 axb4 26.
g4 Ng7 27. Bb3 Ke7 28. Qe3 Kf8 29. Qh6 Qf4 30. Qxf4 Rc8 31. Qh6 c2 32. Rc1 Rc3 33.
Ng5 Rxb3 34. Rxc2 Rc3 35. Rxc3 bxc3 36. Nxh7+ Ke7 37. Qxg7 c2 38. Qf6+ Kd7 39. Qf4 1-0

[Event "Late-Titled-Tuesday-Blitz-February-27-2024"]
[Site "Chess.com"]
[Date "2024.02.27"]
[Round "7"]
[White "Andreikka"]
[Black "EvilMorty23"]
[Result "1-0"]
[WhiteElo "2960"]
[BlackElo "2587"]
[TimeControl "180+1"]
[EndTime "15:15:35 PST"]
[Termination "Andreikka won by resignation"]

1. b3 Nf6 2. Bb2 e6 3. Nf3 d5 4. c4 Be7 5. e3 O-O 6. Be2 b6 7.
O-O Bb7 8. cxd5 Nxd5 9. d4 Nd7 10.
Nc3 c5 11. Nxd5 Bxd5 12. Rc1 Rc8 13. Ba6 Rc7 14. Qe2 Bf6 15. e4 Bb7 16. Bxb7 Rxb7 17.
Rfd1 Qc8 18. h4 Rc7 19. e5 Be7 20. d5 exd5 21. Rxd5 Nb8 22. Qe4 Qe6 23. Nd4 Qh6 24.
Nf5 Qg6 25. Rd6 f6 26. exf6 Bxd6 27. Qd5+ Rcf7 28. h5 Bh2+ 29. Kxh2 Qxh5+ 30. Kg1 g6 31. Ne7+ Kh8 32. Qe6 Qg5 33. Rd1 Na6 34. Qxf7 Rxf7 35. Rd8+ 1-0

[Event "Late-Titled-Tuesday-Blitz-February-27-2024"]
[Site "Chess.com"]
[Date "2024.02.27"]
[Round "7"]
[White "bancsoo"]
[Black "nindjaxx8"]
[Result "0-1"]
[WhiteElo "2871"]
[BlackElo "2689"]
[TimeControl "180+1"]
[EndTime "15:15:36 PST"]
[Termination "nindjaxx8 won on time"]

1. Nf3 d5 2. d4 Nf6 3. g3 Bf5 4. Bg2 e6 5. c4 Be7 6. Nc3 O-O 7. Nh4 Bg6 8. Nxg6 hxg6 9. cxd5 exd5 10. O-O c6 11. Qd3 Nbd7 12. h4 Re8 13. Bg5 Nb6 14. Bf3 Qd7 15. Kg2 Nh7 16. Bf4 Bb4 17. Rh1 Bxc3 18.
bxc3 Re7 19. e4 dxe4 20. Bxe4 Rae8 21. Bf3 Nd5 22. Bd2 b5 23. a4 a6 24. axb5 axb5 25. Ra6 Nhf6 26. Rha1 Ne4 27. Ra7 Qf5 0-1

[Event "Late-Titled-Tuesday-Blitz-February-27-2024"]
[Site "Chess.com"]
[Date "2024.02.27"]
[Round "7"]
[White "NMJeevanK"]
[Black "Dhaydon19"]
[Result "1-0"]
[WhiteElo "2616"]
[BlackElo "2733"]
[TimeControl "180+1"]
[EndTime "15:15:40 PST"]
[Termination "NMJeevanK won by resignation"]

1. e4 e5 2. Nf3 Nf6 3. Nxe5 d6 4. Nf3 Nxe4 5. d4 Be7 6. Bd3 d5 7. O-O O-O 8. h3 Bf5 9. Nc3 Nxc3 10. bxc3 Bg6 11.
Rb1 b6 12. Ne5 c5 13. Nxg6 hxg6 14. dxc5 Bxc5 15. c4 Nc6 16. Qf3 dxc4 17. Bxc4 Ne5 18. Qe4 Nxc4 19. Qxc4 Rc8 20. Qa4 a5 21. Bb2 Re8 22.
Rbd1 Qg5 23. Qb3 Re2 24. Rd3 Rce8 25. Rf3 R8e7 26. Qc3 f6 27. Qc4+ Kf8 28. Rd3 Re8 29. Bd4 Bxd4 30. Qxd4 Rxc2 31. Qxb6 Rc5 32. Rd7 Rce5 33.
Qd6+ R5e7 34. Re1 f5 35. Rexe7 Rxe7 36. Rd8+ Kf7 37. Qd5+ Re6 38. Rd7+ Kf6 39. Qd4+ Re5 40. Rd6+ Kf7 41. Qxe5 Qc1+ 42. Kh2 Qf4+ 43. Qxf4 1-0

[Event "Late-Titled-Tuesday-Blitz-February-27-2024"]
[Site "Chess.com"]
[Date "2024.02.27"]
[Round "7"]
[White "Pingah9"]
[Black "Alphafischer2019"]
[Result "0-1"]
[WhiteElo "2559"]
[BlackElo "2709"]
[TimeControl "180+1"]
[EndTime "15:15:40 PST"]
[Termination "Alphafischer2019 won by resignation"]

1. e4 c5 2. Nc3 Nc6 3. g3 g6 4.
Bg2 Bg7 5. d3 e6 6. Be3 d6 7.
Qd2 Nge7 8. Nge2 Nd4 9. O-O O-O 10. a4 d5 11. Nc1 b6 12. Nd1 Bb7 13. c3 Ndc6 14.
Bh6 dxe4 15. Bxg7 Kxg7 16. Bxe4 Qd7 17. Ne3 Rad8 18. Qe2 Ne5 19. Bxb7 Qxb7 20. Nf5+ Nxf5 21. Qxe5+ Kg8 22. Rd1 h5 23. Ne2 h4 24. Qe4 Qe7 25. Nf4 Rd7 26. d4 cxd4 27. cxd4 Rfd8 28. d5 exd5 29.
Qf3 d4 30. Re1 Qg5 31. Nd3 Re7 32. Rxe7 Qxe7 33. Re1 Qd6 34. Re4 hxg3 35. hxg3 Ng7 36. Ne5 Qd5 37. Rxd4 Qxd4 38. Qxf7+ Kh8 39. Nxg6+ Kh7 40.
Nf8+ Rxf8 41. Qxf8 Qd1+ 42. Kg2 Qxa4 43. Qf3 Qd4 44. b3 a5 45. Qc6 Nf5 46. Qd7+ Qxd7 0-1

[Event "Late-Titled-Tuesday-Blitz-February-27-2024"]
[Site "Chess.com"]
[Date "2024.02.27"]
[Round "7"]
[White "HeinichessPY"]
[Black "Schattman"]
[Result "1/2-1/2"]
[WhiteElo "2249"]
[BlackElo "2415"]
[TimeControl "180+1"]
[EndTime "15:15:40 PST"]
[Termination "Game drawn by agreement"]

1. Nf3 d6 2. g3 Nf6 3. Bg2 g6 4. O-O e5 5. d3 Bg7 6. c4 O-O 7. Nc3 Nc6 8. Rb1 a5 9. a3 h6 10. b4 axb4 11. axb4 Re8 12. Nd2 Nd4 13. e3 Ne6 14.
Nd5 Nxd5 15. cxd5 Ng5 16. h4 Nh7 17. b5 Bd7 18. Nc4 b6 19. Bb2 g5 20. hxg5 Qxg5 21. Rc1 Bxb5 22. Qb3 Ba4 23. Qb4 Nf6 24. Nd2 Ra7 25.
Ne4 Nxe4 26. dxe4 Bd7 27. Rc2 Qh5 28. Rfc1 Rc8 29. f4 Bg4 30. Kf2 exf4 31. exf4 Qg6 1/2-1/2

[Event "Late-Titled-Tuesday-Blitz-February-27-2024"]
[Site "Chess.com"]
[Date "2024.02.27"]
[Round "7"]
[White "TheMagician"]
[Black "jcmesafischer"]
[Result "1-0"]
[WhiteElo "2164"]
[BlackElo "2361"]
[TimeControl "180+1"]
[EndTime "15:15:41 PST"]
[Termination "TheMagician won on time"]

1. e4 c5 2. Nf3 d6 3. d4 cxd4 4. Nxd4 Nf6 5. Nc3 a6 6. Bc4 e6 7.
f4 b5 8. Bb3 b4 9. Na4 Nbd7 10.
f5 e5 11. Nc6 Qc7 12. Nxb4 Nxe4 13. Qd5 Bb7 14. Qxf7+ Kd8 15. Nd5 Qa5+ 16. c3 Bc6 17. Nb4 Bxa4 18. Be3 Ndc5 19. Bc2 Bb5 20. Bxe4 Nxe4 21. Qd5 Rc8 22. Qxe4 Be7 23. Rd1 Rc4 24. Qxe5 1-0

[Event "Late-Titled-Tuesday-Blitz-February-27-2024"]
[Site "Chess.com"]
[Date "2024.02.27"]
[Round "7"]
[White "ACollins05"]
[Black "QuintilianoR"]
[Result "1/2-1/2"]
[WhiteElo "2596"]
[BlackElo "2750"]
[TimeControl "180+1"]
[EndTime "15:15:42 PST"]
[Termination "Game drawn by repetition"]

1. d4 Nf6 2. c4 e6 3. Nf3 Bb4+ 4. Nbd2 d5 5. Qa4+ Nc6 6. a3 Bxd2+ 7. Bxd2 Ne4 8. e3 O-O 9. Bd3 Nxd2 10. Nxd2 Bd7 11. Qc2 h6 12. O-O Qe7 13. Rac1 Rac8 14. Nb3 dxc4 15. Bxc4 Nb8 16. Nc5 b6 17. Na6 c6 18.
Nxb8 Rxb8 19. b4 Rfc8 20. Ba6 Rd8 21. Bd3 Ra8 22. Be4 Rdc8 23. Qa4 a5 24. Bxc6 axb4 25. Bxa8 Bxa4 26. Rxc8+ Kh7 27. axb4 Qxb4 28. Bc6 Bc2 29. Rc7 Qd6 30. Rc8 Bd3 31. Rd1 Ba6 32. Be4+ f5 33. Rc6 Qd7 34. Bf3 Be2 35. Rdc1 Bxf3 36.
gxf3 Qd5 37. Rxb6 Qxf3 38. Rc7 Qd1+ 39. Kg2 Qg4+ 40. Kf1 Qh3+ 41. Kg1 Qg4+ 42. Kf1 f4 43. Rbb7 Qd1+ 44. Kg2 Qg4+ 45. Kf1 Qd1+ 46. Kg2 Qg4+ 47.
Kf1 1/2-1/2

[Event "Late-Titled-Tuesday-Blitz-February-27-2024"]
[Site "Chess.com"]
[Date "2024.02.27"]
[Round "7"]
[White "BogdanDeac"]
[Black "Alexei_Gubajdullin"]
[Result "1-0"]
[WhiteElo "2953"]
[BlackElo "2662"]
[TimeControl "180+1"]
[EndTime "15:15:44 PST"]
[Termination "BogdanDeac won on time"]

1. d4 Nf6 2. c4 g6 3. Nc3 Bg7 4. e4 d6 5. Nf3 O-O 6. Bd3 Na6 7. h3 c5 8. d5 e6 9. O-O exd5 10. exd5 Re8 11. Bf4 Nc7 12. a4 Nh5 13. Bh2 f5 14. Re1 Bf6 15. Qd2 Kg7 16. Rad1 b6 17. Ne2 a6 18.
Nf4 Nxf4 19. Bxf4 Ra7 20. b4 Rxe1+ 21. Rxe1 Ne8 22. a5 Re7 23. axb6 Qxb6 24. bxc5 Qxc5 25. Rxe7+ Bxe7 26. Qe2 Qc7 27. c5 Nf6 28. Bc4 Ne4 29. c6 a5 30. Bd3 a4 31. Bxe4 fxe4 32. Qxe4 a3 33. Qa4 Qb6 34. Qxa3 1-0

[Event "Late-Titled-Tuesday-Blitz-February-27-2024"]
[Site "Chess.com"]
[Date "2024.02.27"]
[Round "7"]
[White "Mikhail_Golubev"]
[Black "szachmistrz2500"]
[Result "0-1"]
[WhiteElo "2626"]
[BlackElo "2455"]
[TimeControl "180+1"]
[EndTime "15:15:47 PST"]
[Termination "szachmistrz2500 won on time"]

1. e4 c5 2. Nf3 d6 3. d4 cxd4 4. Nxd4 Nf6 5. Nc3 a6 6. Bc4 e6 7. O-O b5 8. Bb3 Nbd7 9. Bxe6 fxe6 10. Nxe6 Qb6 11. Nd5 Nxd5 12. exd5 Nf6 13. Ng5 Be7 14. Re1 Qc7 15. Qe2 Ra7 16. a4 b4 17. a5 O-O 18. Be3 Rb7 19. Bb6 Qd7 20. Ne6 Rf7 21.
Rad1 Qb5 22. Qf3 Nd7 23. Qh5 Nxb6 24. axb6 Qxb6 25. Ng5 Qxf2+ 26. Kh1 Bxg5 27. Qxg5 Rf8 28. h3 Rbf7 29. Qd2 Qc5 0-1

[Event "Late-Titled-Tuesday-Blitz-February-27-2024"]
[Site "Chess.com"]
[Date "2024.02.27"]
[Round "7"]
[White "2L8IWUN"]
[Black "TheAlienParty"]
[Result "0-1"]
[WhiteElo "2167"]
[BlackElo "2385"]
[TimeControl "180+1"]
[EndTime "15:15:48 PST"]
[Termination "TheAlienParty won on time"]

1. d4 Nf6 2. Nf3 e6 3. Bf4 c5 4.
e3 d5 5. Nbd2 Nc6 6. c3 Bd6 7.
Bg3 b6 8. Bd3 O-O 9. Qe2 Bb7 10.
Rd1 cxd4 11. exd4 Rc8 12. Ne5 Ne7 13. Ndf3 Nf5 14. O-O Ne4 15. Bxe4 dxe4 16. Nd2 Nxg3 17. hxg3 Bxe5 18. dxe5 Qd5 19. Rfe1 e3 20. Nf3 exf2+ 21. Qxf2 Qxa2 22. g4 Qc4 23. g5 Rfd8 24. Rxd8+ Rxd8 25. Rf1 Rf8 26. Nd4 Qd5 27. Qg3 Qe4 28. Kh2 Qg6 29.
Nb5 Ba6 30. c4 Bxb5 31. cxb5 Rc8 32. Rd1 Qh5+ 0-1

[Event "Late-Titled-Tuesday-Blitz-February-27-2024"]
[Site "Chess.com"]
[Date "2024.02.27"]
[Round "7"]
[White "sergiochess83"]
[Black "wqws"]
[Result "1/2-1/2"]
[WhiteElo "2892"]
[BlackElo "2691"]
[TimeControl "180+1"]
[EndTime "15:15:49 PST"]
[Termination "Game drawn by agreement"]

1. e4 e5 2. Nf3 Nc6 3. Bb5 a6 4. Ba4 Nf6 5. O-O b5 6. Bb3 Be7 7. a4 b4 8. d4 d6 9. dxe5 Nxe5 10. Nxe5 dxe5 11. Nd2 O-O 12. Qe2 a5 13. Rd1 c6 14.
Nc4 Qc7 15. Be3 Nd7 16. Rd2 Nc5 17. Rad1 Be6 18. Bxc5 Bxc5 19. Ne3 Bxe3 20. Qxe3 Rad8 21. Bxe6 fxe6 22. h3 Rxd2 23. Rxd2 Rd8 24. g3 Rxd2 25. Qxd2 c5 26. Qe2 c4 27. Qe3 Qc6 28. b3 cxb3 29.
cxb3 Qc3 30. Kf1 Qxe3 31. fxe3 Kf7 32. Ke2 Ke7 33. Kd3 Kd6 34. Kc4 Kc6 35. g4 g5 36.
Kd3 Kc5 37. Ke2 Kc6 1/2-1/2

[Event "Late-Titled-Tuesday-Blitz-February-27-2024"]
[Site "Chess.com"]
[Date "2024.02.27"]
[Round "7"]
[White "igorknyazev"]
[Black "FuenfgegenWilly"]
[Result "0-1"]
[WhiteElo "2218"]
[BlackElo "2461"]
[TimeControl "180+1"]
[EndTime "15:15:51 PST"]
[Termination "FuenfgegenWilly won by resignation"]

1. e4 e5 2. Nf3 Nc6 3. Bb5 a6 4.
Bxc6 dxc6 5. Nc3 Bg4 6. d4 Bxf3 7. gxf3 Qxd4 8. Qxd4 exd4 9. Ne2 Bb4+ 10. Bd2 Bxd2+ 11.
Kxd2 c5 12. Kd3 b5 13. Rhg1 g6 14. Nf4 O-O-O 15. Nd5 c6 16. Nf4 Nf6 17. b3 Kc7 18. a4 Kb6 19. a5+ Kc7 20. h4 h5 21. Rg5 Nd7 22.
Kd2 Rhe8 23. Nd3 Kd6 24. Re1 c4 25. bxc4 bxc4 26. Nb4 Nc5 27. e5+ Kc7 28. f4 Rb8 29. Rb1 Rb5 30. f5 Ne4+ 31. Ke2 Nxg5 32. hxg5 Rexe5+ 33. Kf3 Rxf5+ 34. Kg3 Rxg5+ 35. Kf4 Rxa5 36. Nxa6+ Rxa6 37. Kxg5 d3 38. cxd3 cxd3 39. Rd1 Ra5+ 40. Kh6 Rd5 41.
Kg7 c5 42. Kxf7 g5 43. Kg6 h4 44. Kh5 c4 45. f4 gxf4+ 46. Kxh4 c3 47. Kg4 c2 48.
Rc1 d2 49. Rxc2+ Kd6 50. Rxd2 Rxd2 51. Kxf4 Rd5 0-1

[Event "Late-Titled-Tuesday-Blitz-February-27-2024"]
[Site "Chess.com"]
[Date "2024.02.27"]
[Round "7"]
[White "HansOnTwitch"]
[Black "Korchmar_Vasiliy"]
[Result "0-1"]
[WhiteElo "3053"]
[BlackElo "2714"]
[TimeControl "180+1"]
[EndTime "15:15:52 PST"]
[Termination "Korchmar_Vasiliy won by resignation"]

1. e4 c5 2. Nf3 d6 3. d4 cxd4 4. Nxd4 Nf6 5. Nc3 Nc6 6. Bg5 Bd7 7. Bxf6 gxf6 8. Bb5 e6 9. Bxc6 bxc6 10. Qd2 h5 11. f4 Bh6 12. g3 Rb8 13. Nb3 Qc7 14.
O-O-O Ke7 15. Rhe1 a5 16. Kb1 Rhd8 17. Nxa5 c5 18.
Nc4 Be8 19. Ne3 Kf8 20. Qe2 Rb4 21. Qxh5 Bg7 22. Ncd5 exd5 23. Nxd5 Qb7 24. Nxb4 Qxb4 25. c3 Qa4 26. Qd5 Bc6 27. Qd3 f5 28. exf5 Kg8 29. b3 Qa5 30. c4 d5 31. cxd5 Bxd5 32. Qc2 c4 33. bxc4 Rb8+ 34. Kc1 Qa3+ 35. Kd2 Rb2 36. Rc1 Rxc2+ 37. Rxc2 Qb4+ 38. Ke2 Bxc4+ 39. Kf2 Bd4+ 40. Kf3 Qxe1 41. Rxc4 Qf1+ 42. Kg4 Qxc4 0-1